 Dungeon Crawl Stone Soup version 0.19-a0-459-gb8ed64d (webtiles) character file.

125196 Delvonshi the Warrior (level 16, -2/155 HPs)
             Began as a Minotaur Fighter on June 2, 2016.
             Was the Champion of Jiyva.
             Slain by duckroller's ghost (21 damage)
             ... on level 1 of the Snake Pit.
             The game lasted 01:44:08 (43619 turns).

Delvonshi the Warrior (Minotaur Fighter)           Turns: 43619, Time: 01:44:08

Health: -2/155     AC: 22    Str: 23    XL:     16   Next: 11%
Magic:  21/21      EV: 13    Int:  8    God:    Jiyva [******]
Gold:   1697       SH: 13    Dex: 19    Spells: 0 memorised, 15 levels left

rFire  + + +     SeeInvis .     N - +6 morningstar (holy)
rCold  x . .     Gourm    .     S - +2 fire dragon armour
rNeg   . . .     Faith    +     c - +0 shield
rPois  .         Spirit   .     (helmet restricted)
rElec  .         Dismiss  .     I - +0 cloak {MR+}
rCorr  +         Reflect  .     y - +0 pair of gloves
SustAt .         Harm     .     C - +0 pair of boots
MR     ++...                    Y - amulet of faith
Stlth  ..........               e - ring of protection from fire
                                j - +5 ring of dexterity

@: very resistant to hostile enchantments, extremely unstealthy
A: retaliatory headbutt, horns 2, rugged brown scales 1, slimy green scales 1,
sense surroundings 1, regeneration 1, strong 1
a: Request Jelly, Jelly Paralyse, Slimify, Cure Bad Mutation, Renounce Religion
}: 1/15 runes: slimy


You were on level 1 of the Snake Pit.
You worshipped Jiyva.
Jiyva was exalted by your worship.
You were completely stuffed.

You visited 6 branches of the dungeon, and saw 33 of its levels.
You also visited: Ossuary and Ice Cave.

You collected 3127 gold pieces.
You spent 1430 gold pieces at shops.

Inventory:

Hand Weapons
 M - the +7 whip "Qablong" {slash, Int+2}
   (You bought it in a shop on level 2 of the Orcish Mines)

   It inflicts extra damage upon your enemies.
   It affects your intelligence (+2).
 N - a +6 morningstar of holy wrath (weapon)
Missiles
 J - 36 tomahawks (quivered)
Armour
 b - a +4 chain mail of fire resistance
 c - a +0 shield (worn)
 n - the +1 plate armour of Midsummer {Int+2 SInv Stlth+}
   (You found it on level 6 of the Pits of Slime)

   It affects your intelligence (+2).
   It lets you see invisible.
   It makes you more stealthy.
 y - a +0 pair of gloves (worn)
 C - a +0 pair of boots (worn)
 I - a +0 cloak of magic resistance (worn)
 S - a +2 fire dragon armour (worn)
Jewellery
 e - a ring of protection from fire (right hand)
 j - a +5 ring of dexterity (left hand)
 r - an uncursed ring of see invisible
 F - an uncursed amulet of the gourmand
 R - an uncursed ring of positive energy
 Y - an amulet of faith (around neck)
Wands
 D - a wand of disintegration (13/24)
 L - a wand of iceblast (7/15)
 W - a wand of digging (13/24)
 X - a wand of teleportation (3/9)
 Z - a wand of digging (5/24)
Scrolls
 g - 13 scrolls of teleportation
 o - 2 scrolls of magic mapping
 q - 5 scrolls of identify
 s - 3 scrolls of fog
 t - a scroll of enchant weapon
 x - 3 scrolls of amnesia
 P - 10 scrolls of remove curse
 Q - 2 scrolls of blinking
 V - 3 scrolls of fear
Potions
 d - 4 potions of might
 h - 3 potions of agility
 l - 5 potions of haste
 m - 5 potions of flight
 p - 4 potions of heal wounds
 u - 7 potions of curing
 v - 2 potions of ambrosia
 w - a potion of berserk rage
 z - a potion of brilliance {unknown}
 K - a potion of cancellation {unknown}
 O - 2 potions of invisibility
Books
 a - a book of Maledictions

   Spells                             Type                      Level
   a - Corona                         Hexes                        1
   b - Ensorcelled Hibernation        Hexes/Ice                    2
   c - Confuse                        Hexes                        3
   d - Tukima's Dance                 Hexes                        3
   e - Dazzling Spray                 Conjuration/Hexes            3
Miscellaneous
 A - a fan of gales
Comestibles
 f - 14 bread rations
 i - 6 slices of pizza
 B - 10 fruits
 G - 4 beef jerkies
 H - 9 meat rations
 U - 12 royal jellies


   Skills:
 + Level 16.2 Fighting
 + Level 14.5 Maces & Flails
 + Level 9.9 Throwing
 - Level 14.0 Armour
 + Level 11.6 Dodging
 - Level 11.6 Shields
   Level 8.1 Invocations
 - Level 5.3 Evocations


You had 15 spell levels left.
You didn't know any spells.

Dungeon Overview and Level Annotations

Branches:
Dungeon (15/15)            Temple (1/1) D:5            Lair (8/8) D:9
 Shoals (0/4) Lair:3        Snake (1/4) Lair:3        Slime (6/6) Lair:8
    Orc (2/2) D:11            Elf (0/3) Orc:2        Vaults (0/5) D:13
 Depths (0/5) D:15

Altars:
Ashenzari
Cheibriados
Dithmenos
Elyvilon
Fedhas
Gozag
Hepliaklqana
Kikubaaqudgha
Makhleb
Nemelex Xobeh
Okawaru
Pakellas
Qazlal
Ru
Sif Muna
Trog
Uskayaw
Vehumet
Xom
Yredelemnul
Zin
The Shining One
Beogh
Jiyva

Shops:
D:8 (   D:10 *   D:11 !   Orc:2 ?}[(

Annotations:
Lair:3 exclusion: ice statue
Snake:1 duckroller's ghost, adept MiGl
Slime:6 Royal Jelly


Innate Abilities, Weirdness & Mutations

You reflexively headbutt those who attack you in melee.
You have a pair of horns on your head.
You are partially covered in rugged brown scales. (AC +1, +3% HP)
You are partially covered in slimy green scales. (AC +2)
You passively map a small area around you.
Your natural rate of healing is unusually fast.
Your muscles are strong. (Str +2)


Message History

You headbutt duckroller's ghost!
Duckroller's ghost is severely damaged.
Duckroller's ghost hits you!!
You sock duckroller's ghost!
Duckroller's ghost convulses.
Duckroller's ghost is severely damaged.
You barely miss duckroller's ghost. You headbutt duckroller's ghost!
Duckroller's ghost is severely damaged.
Duckroller's ghost says, "I was once a great warrior, and I still am!"
Duckroller's ghost hits you!
You puncture duckroller's ghost!
Duckroller's ghost convulses.
You headbutt duckroller's ghost, but do no damage.
Duckroller's ghost is almost destroyed.
Duckroller's ghost hits you!!
You hit duckroller's ghost but do no damage.
Duckroller's ghost is almost destroyed.
Duckroller's ghost screams, "To die, to sleep, no more."
Duckroller's ghost hits you!!
* * * LOW HITPOINT WARNING * * *
Duckroller's ghost hits you!!
You die...

#####
###...#######
###...........###
#...............#
#.......(.......#
#.............รท@#
#..............W#
#...............#
#.............###
#..........####
#.......####
###..#### ##.##
#..#


You could see duckroller's ghost.

Vanquished Creatures
  Kirke (Lair:5)
  A stone giant (Orc:1)
  Snorg (Lair:5)
  The ghost of chicagocrazy the Slasher, a journeyman CeFi of Hepliaklqana (D:11)
  2 ogre magi (Orc:2)
  8 hydras
  A catoblepas (Lair:6)
  Erica (D:10)
  4 centaur warriors
  4 death yaks (Lair:8)
  A shock serpent (Snake:1)
  A tengu warrior (D:13)
  A wizard (D:13)
  5 unseen horrors
  9 hill giants
  A giant orange brain (D:15)
  Pikel (D:5)
  A necromancer (D:13)
  2 orc knights
  A mana viper (Snake:1)
  2 lindwurms (Lair:8)
  8 orc sorcerers (Orc:2)
  A moth of wrath (shapeshifter) (D:15)
  6 ugly things
  2 manticores
  6 cyclopes
  Maurice (D:8)
  7 black mambas
  3 centaur zombies
  4 elephants (Lair:7)
  9 centaur skeletons
  6 torpor snails
  2 ice statues (IceCv)
  16 spiny frogs
  A yaktaur (D:13)
  An efreet (D:15)
  10 ice devils (IceCv)
  6 rime drakes
  13 komodo dragons
  A kobold demonologist (D:14)
  2 tengu conjurers (D:13)
  A freezing wraith (Lair:3)
  4 polar bears
  A queen bee (D:13)
  A two-headed ogre (Orc:1)
  9 trolls
  5 giant leeches (Lair:8)
  A boulder beetle (Lair:8)
  The ghost of BrianBop the Shield-Bearer, an amateur HuFi (D:3)
  17 slime creatures
  A merfolk (Lair:3)
  32 blink frogs
  A spriggan (D:8)
  A centaur simulacrum (D:15)
  3 shadows (D:14)
  A vampire (D:13)
  Sigmund (D:2)
  2 wyverns
  55 yaks
  3 hogs
  2 basilisks (Lair:3)
  A vampire mosquito (D:13)
  12 hippogriffs
  Edmund (D:4)
  2 nagas (Lair:3)
  12 water moccasins
  18 orc warriors
  The ghost of Typerbomb the Ducker, an amateur SpAs (D:7)
  A giant eyeball (shapeshifter) (D:15)
  11 porcupines
  7 sky beasts
  14 ice beasts
  An eye of draining (D:13)
  3 wasps (Lair:8)
  6 black bears
  30 wolves
  A necrophage (D:12)
  3 phantoms
  21 centaurs
  9 ogres
  17 crocodiles
  A big kobold (shapeshifter) (D:15)
  25 giant frogs
  A wyvern skeleton (D:11)
  A gnoll sergeant (D:7)
  4 scorpions
  12 wights
  34 killer bees
  2 electric eels
  4 howler monkeys
  13 crimson imps
  A giant frog zombie (D:11)
  A quasit (D:10)
  5 hounds
  A jelly (shapeshifter) (D:11)
  7 jellies
  2 gnoll shamans
  15 orc priests
  3 giant frog skeletons
  8 iguanas
  10 hell rats
  48 orc wizards
  13 worker ants
  A statue (D:6)
  8 sheep (Lair:1)
  2 hound zombies
  Robin (D:4)
  A hound skeleton (D:10)
  13 mummies (Ossuary)
  A howler monkey zombie (D:9)
  A howler monkey skeleton (D:7)
  26 gnolls
  14 adders
  62 river rats
  A hound simulacrum (D:10)
  5 shadow imps
  11 white imps
  6 ufetubi
  2 oozes (D:3)
  An adder zombie (D:5)
  An adder skeleton (D:8)
  22 worms
  A giant gecko (D:3)
  102 orcs
  3 giant cockroaches
  16 goblins
  11 hobgoblins
  12 jackals
  5 quokkas
  2 ball pythons
  4 bats
  A giant cockroach zombie (D:5)
  A giant gecko skeleton (D:5)
  4 giant newts
  4 gnoll skeletons (Ossuary)
  A goblin skeleton (Ossuary)
  7 kobolds
  3 kobold skeletons (Ossuary)
  A quokka skeleton (D:8)
  30 rats
  11 rat skeletons (Ossuary)
  2 fungi (D:3)
  2 plants (Lair:8)
1080 creatures vanquished.

Vanquished Creatures (collateral kills)
  Rupert (D:15)
  A fire dragon (Lair:8)
  A centaur (D:15)
3 creatures vanquished.

Vanquished Creatures (others)
  2 acid blobs (Slime:6)
  The ghost of shinino the Grappler, a journeyman TrMo of Hepliaklqana (IceCv)
  A cyclops (D:13)
  A blink frog (Lair:8)
  13 slime creatures
  A human (Lair:5)
  2 vampire mosquitoes
  A giant eyeball (Slime:6)
  3 eyes of draining
  A centaur (D:5)
  A giant frog (D:6)
  A scorpion (D:14)
  A howler monkey (D:4)
  24 jellies
  A gnoll shaman (D:9)
  An orc wizard (Orc:2)
  A worker ant (D:3)
  A gnoll (D:9)
  A shadow imp (D:12)
  4 white imps (IceCv)
  3 orcs
  A quokka (D:3)
  11 fungi
  12 plants
89 creatures vanquished.

Grand Total: 1172 creatures vanquished

Notes
Turn   | Place    | Note
--------------------------------------------------------------
     0 | D:1      | Delvonshi the Minotaur Fighter began the quest for the Orb.
     0 | D:1      | Reached XP level 1. HP: 19/19 MP: 0/0
   177 | D:1      | Reached XP level 2. HP: 20/27 MP: 1/1
   629 | D:2      | Reached XP level 3. HP: 27/33 MP: 2/2
   637 | D:2      | Reached skill level 4 in Fighting
   739 | D:2      | Noticed Sigmund
   759 | D:2      | Killed Sigmund
   759 | D:2      | Reached skill level 5 in Shields
   759 | D:2      | Reached XP level 4. HP: 9/41 MP: 3/3
   759 | D:2      | Reached XP level 5. HP: 10/47 MP: 4/4
  1136 | D:2      | Found a deep blue altar of Sif Muna.
  1149 | D:2      | Found an iron altar of Okawaru.
  1150 | D:2      | Found a sparkling altar of Nemelex Xobeh.
  1280 | D:2      | Found a glowing golden altar of the Shining One.
  1348 | D:2      | Found a stormy altar of Qazlal.
  1482 | D:2      | Became a worshipper of the Shining One
  1542 | D:3      | Noticed BrianBop's ghost (amateur HuFi)
  1561 | D:3      | Killed BrianBop's ghost
  1561 | D:3      | Reached skill level 5 in Fighting
  1561 | D:3      | Reached skill level 5 in Armour
  1561 | D:3      | Reached XP level 6. HP: 25/56 MP: 5/5
  1872 | D:3      | Reached skill level 5 in Maces & Flails
  1872 | D:3      | Reached XP level 7. HP: 47/61 MP: 6/6
  2279 | D:3      | Found a burning altar of Makhleb.
  2354 | D:3      | Reached * piety under the Shining One
  2698 | D:4      | Found a sand-covered staircase.
  2772 | Ossuary  | Entered an ossuary
  2865 | Ossuary  | Reached ** piety under the Shining One
  2896 | Ossuary  | Reached skill level 6 in Fighting
  2919 | Ossuary  | Reached *** piety under the Shining One
  3453 | D:4      | Noticed Robin
  4198 | D:4      | Killed Robin
  4218 | D:5      | Entered Level 5 of the Dungeon
  4280 | D:5      | Reached XP level 8. HP: 71/71 MP: 7/7
  4325 | D:5      | Noticed Pikel
  4325 | D:5      | Found a staircase to the Ecumenical Temple.
  4348 | D:5      | Killed Pikel
  4348 | D:5      | Reached skill level 7 in Fighting
  4417 | D:5      | Found a hazy altar of Hepliaklqana.
  4418 | D:5      | Found a shimmering altar of Xom.
  4419 | D:5      | Noticed a spectral ugly thing
  4419 | D:5      | Reached **** piety under the Shining One
  5052 | Temple   | Entered the Ecumenical Temple
  5225 | D:6      | Reached skill level 8 in Fighting
  5225 | D:6      | Reached XP level 9. HP: 65/81 MP: 8/8
  5257 | D:6      | Reached skill level 1 in Invocations
  5409 | D:6      | Found a radiant altar of Vehumet.
  6073 | D:7      | Reached ***** piety under the Shining One
  6120 | D:7      | Noticed Typerbomb's ghost (amateur SpAs)
  6575 | D:7      | Killed Typerbomb's ghost
  6595 | D:7      | Reached skill level 9 in Fighting
  6848 | D:7      | HP: 4/83 [orc warrior/battleaxe of chopping (2)]
  7182 | D:6      | Reached XP level 10. HP: 74/91 MP: 11/11
  7665 | D:8      | Noticed Maurice
  8195 | D:8      | Killed Maurice
  8348 | D:8      | Found Fuiv's Antique Weapon Shop.
  8449 | D:8      | Found a white marble altar of Elyvilon.
  8902 | D:9      | Found a deep blue altar of Sif Muna.
  8998 | D:9      | Found a staircase to the Lair.
  9450 | D:9      | Reached skill level 10 in Fighting
  9450 | D:9      | Reached skill level 10 in Shields
  9474 | D:9      | Reached skill level 10 in Armour
  9652 | D:9      | Gained mutation: You are frail. (-10% HP) [mutagenic meat]
  9653 | D:9      | Gained mutation: Your flesh is cold resistant. (rC+) [mutagenic meat]
  9654 | D:9      | Gained mutation: You passively map a small area around you. [mutagenic meat]
  9698 | D:9      | Reached skill level 5 in Invocations
  9717 | D:10     | Entered Level 10 of the Dungeon
  9722 | D:10     | Noticed Erica
  9739 | D:10     | Killed Erica
  9893 | D:9      | Reached skill level 10 in Maces & Flails
  9906 | D:9      | Reached XP level 11. HP: 19/90 MP: 13/13
 11042 | D:10     | Noticed a hill giant
 11404 | Lair:1   | Entered Level 1 of the Lair of Beasts
 12118 | Lair:1   | Noticed a six-headed hydra
 12130 | Lair:1   | Killed a six-headed hydra
 12130 | Lair:1   | Reached skill level 11 in Fighting
 12354 | Lair:1   | Noticed a four-headed hydra
 12365 | Lair:1   | Killed a four-headed hydra
 13771 | Lair:1   | Reached XP level 12. HP: 63/99 MP: 16/16
 13987 | Lair:2   | Noticed a five-headed hydra
 13995 | Lair:2   | Killed a five-headed hydra
 13995 | Lair:2   | Reached skill level 1 in Dodging
 14000 | Lair:2   | Noticed an eight-headed hydra
 14030 | Lair:2   | Killed an eight-headed hydra
 14134 | Lair:2   | Noticed a five-headed hydra
 14149 | Lair:2   | Killed a five-headed hydra
 14872 | Lair:3   | Reached skill level 12 in Fighting
 15049 | Lair:3   | Reached ****** piety under the Shining One
 15062 | Lair:3   | Found a staircase to the Snake Pit.
 15479 | Lair:3   | Found a staircase to the Shoals.
 16133 | Lair:4   | Noticed a five-headed hydra
 16143 | Lair:4   | Killed a five-headed hydra
 16348 | Lair:4   | Got an ancient scimitar
 16349 | Lair:4   | Identified the +4 scimitar "Tetrepra" {antimagic, +Fly rN++ Int-4} (You found it on level 4 of the Lair of Beasts)
 16833 | Lair:5   | Reached skill level 5 in Dodging
 16840 | Lair:5   | Noticed Snorg
 16844 | Lair:4   | Reached skill level 1 in Throwing
 17551 | Lair:4   | Reached XP level 13. HP: 85/107 MP: 18/18
 17642 | Lair:5   | Reached skill level 1 in Evocations
 17645 | Lair:5   | Noticed Kirke
 17662 | Lair:5   | Killed Kirke
 18216 | Lair:5   | Reached skill level 13 in Fighting
 18258 | Lair:5   | Killed Snorg
 19713 | Lair:6   | Got an ichor-stained ring mail
 19724 | Lair:6   | Identified the +0 ring mail of Goiseerph {Dex+5} (You found it on level 6 of the Lair of Beasts)
 20316 | Lair:7   | Found a frozen archway.
 20333 | IceCv    | Entered an ice cave
 20626 | IceCv    | Killed shinino's ghost
 22222 | Lair:8   | Entered Level 8 of the Lair of Beasts
 22259 | Lair:8   | Reached skill level 5 in Throwing
 22311 | Lair:8   | Found a staircase to the Slime Pits.
 22373 | Lair:8   | Reached XP level 14. HP: 73/117 MP: 19/19
 22595 | Slime:1  | Entered Level 1 of the Pits of Slime
 23740 | Lair:8   | Reached skill level 14 in Fighting
 24135 | Lair:8   | Reached skill level 5 in Evocations
 24369 | Lair:8   | Found a runed door.
 25210 | Lair:8   | Paralysed by a wasp for 1 turns
 25535 | D:9      | Identified a +5 morningstar of holy wrath (a +3 morningstar blessed by the Shining One)
 25535 | D:9      | Received a gift from the Shining One
 25663 | D:10     | Found Deetseb's General Store.
 25834 | D:10     | Gained mutation: You tend to lose your temper in combat. [mutagenic meat]
 25836 | D:10     | Gained mutation: You are clumsy. (Dex -2) [mutagenic meat]
 25837 | D:10     | Gained mutation: Your mind is acute. (Int +2) [mutagenic meat]
 25838 | D:10     | Gained mutation: Your body sometimes deteriorates upon taking damage. [mutagenic meat]
 25839 | D:10     | Gained mutation: Your spells are a little easier to cast, but a little less powerful. [mutagenic meat]
 25867 | D:10     | Gained mutation: Your system is resistant to poisons. (rPois) [mutagenic meat]
 25868 | D:10     | Lost mutation: You are frail. (-10% HP) [mutagenic meat]
 26021 | D:10     | Identified Sif Muna's Guide on the Frigorific Birds
 26317 | D:11     | Found a staircase to the Orcish Mines.
 26374 | Orc:1    | Entered Level 1 of the Orcish Mines
 26559 | Orc:1    | You fall through a shaft!
 26559 | Orc:2    | Entered Level 2 of the Orcish Mines
 26690 | Orc:2    | Found a staircase to the Elven Halls.
 26921 | Orc:2    | Found Agawuedgh's Antique Weapon Shoppe.
 26936 | Orc:2    | Bought a brightly glowing whip for 240 gold pieces
 26936 | Orc:2    | Identified the +7 whip "Qablong" {slash, Int+2} (You bought it in a shop on level 2 of the Orcish Mines)
 26952 | Orc:2    | Found a radiant altar of Vehumet.
 27122 | Orc:2    | Found Voeq Bimm's Gadget Emporium.
 27172 | Orc:2    | Found an ancient bone altar of Kikubaaqudgha.
 27232 | Orc:2    | Found Kiyruew's Antique Armour Emporium.
 27234 | Orc:2    | Found a roughly hewn altar of Beogh.
 27250 | Orc:2    | Paralysed by an orc sorcerer for 7 turns
 27299 | Orc:2    | Found Mymuahul's Magic Scroll Shoppe.
 27301 | Orc:2    | Bought an ichor-stained plate armour for 728 gold pieces
 27302 | Orc:2    | Identified the +1 plate armour "Betytwy" {rC++ MR-} (You bought it in a shop on level 2 of the Orcish Mines)
 27327 | Orc:2    | Bought a scroll of blinking for 112 gold pieces
 27327 | Orc:2    | Bought a scroll of identify for 30 gold pieces
 27737 | Orc:1    | Noticed a stone giant
 27744 | Orc:1    | Killed a stone giant
 29031 | D:11     | Found Saughut's Distillery.
 29049 | D:11     | Bought a potion of degeneration for 10 gold pieces
 29049 | D:11     | Bought 2 potions of haste for 200 gold pieces
 29049 | D:11     | Bought a potion of curing for 30 gold pieces
 29049 | D:11     | Bought a potion of curing for 30 gold pieces
 29049 | D:11     | Bought a potion of heal wounds for 50 gold pieces
 29217 | D:11     | Reached XP level 15. HP: 126/139 MP: 20/20
 29435 | D:11     | Found a deep blue altar of Sif Muna.
 29435 | D:11     | Noticed chicagocrazy's ghost (journeyman CeFi)
 29446 | D:11     | Killed chicagocrazy's ghost
 29446 | D:11     | Reached skill level 15 in Fighting
 29871 | D:12     | Reached skill level 10 in Dodging
 30250 | D:13     | Found a gate to the Vaults.
 32675 | D:14     | Found a radiant altar of Vehumet.
 33106 | D:15     | Entered Level 15 of the Dungeon
 33300 | D:15     | Gained mutation: Your muscles are strong. (Str +2) [mutagenic meat]
 33301 | D:15     | Gained mutation: Your flesh is heat resistant. (rF+) [mutagenic meat]
 33302 | D:15     | Gained mutation: You are very clumsy. (Dex -4) [mutagenic meat]
 33304 | D:15     | Lost mutation: You tend to lose your temper in combat. [mutagenic meat]
 33383 | D:15     | Noticed Rupert
 33390 | D:15     | Killed Rupert
 33658 | D:15     | Lost mutation: Your spells are a little easier to cast, but a little less powerful. [mutagenic meat]
 33660 | D:15     | Lost mutation: Your body sometimes deteriorates upon taking damage. [mutagenic meat]
 33662 | D:15     | Gained mutation: Your spells are a little easier to cast, but a little less powerful. [mutagenic meat]
 33663 | D:15     | Gained mutation: You have supernaturally acute eyesight. (SInv) [mutagenic meat]
 34052 | D:15     | Found a staircase to the Depths.
 34533 | D:11     | Reached skill level 16 in Fighting
 34738 | Slime:1  | Found a viscous altar of Jiyva.
 34746 | Slime:1  | Fell from the grace of the Shining One
 34746 | Slime:1  | Became a worshipper of Jiyva Juff the Shapeless
 35469 | Lair:1   | Reached XP level 16. HP: 127/151 MP: 21/21
 36584 | D:3      | Reached * piety under Jiyva
 37043 | D:4      | Noticed Edmund
 37051 | D:4      | Killed Edmund
 37886 | D:5      | Reached ** piety under Jiyva
 38713 | D:7      | Reached *** piety under Jiyva
 39120 | D:8      | Gained mutation: Your natural rate of healing is unusually fast. [Jiyva's grace]
 39625 | D:9      | Reached **** piety under Jiyva
 39698 | D:9      | Gained mutation: You heal very quickly. [Jiyva's grace]
 40215 | D:10     | Gained mutation: You are partially covered in rugged brown scales. (AC +1, +3% HP) [Jiyva's grace]
 40218 | D:10     | Reached ***** piety under Jiyva
 40229 | D:10     | Lost mutation: You are very clumsy. (Dex -4) [Jiyva's power]
 40232 | D:10     | Gained mutation: You have acidic saliva. [Jiyva's grace]
 40349 | D:11     | Gained mutation: You are partially covered in slimy green scales. (AC +2) [Jiyva's grace]
 40358 | D:11     | Gained mutation: Your body sometimes deteriorates upon taking damage. [Jiyva's grace]
 40359 | D:11     | Lost mutation: You are clumsy. (Dex -2) [Jiyva's power]
 40361 | D:11     | Lost mutation: Your spells are a little easier to cast, but a little less powerful. [Jiyva's power]
 40362 | D:11     | Lost mutation: Your body sometimes deteriorates upon taking damage. [Jiyva's power]
 40363 | D:11     | Lost mutation: Your muscles are strong. (Str +2) [Jiyva's grace]
 40994 | D:13     | Lost mutation: You have supernaturally acute eyesight. (SInv) [Jiyva's grace]
 41022 | D:14     | Lost mutation: Your mind is acute. (Int +2) [potion of mutation]
 41022 | D:14     | Lost mutation: Your flesh is heat resistant. (rF+) [potion of mutation]
 41022 | D:14     | Gained mutation: You are agile. (Dex +2) [potion of mutation]
 41973 | D:15     | Lost mutation: You have acidic saliva. [Jiyva's grace]
 42219 | D:15     | Reached ****** piety under Jiyva
 42577 | Slime:2  | Noticed an acid blob
 42606 | Slime:5  | Noticed an acid blob
 42608 | Slime:6  | Entered Level 6 of the Pits of Slime
 42615 | Slime:6  | Noticed an acid blob
 42619 | Slime:6  | Noticed an acid blob
 42621 | Slime:6  | Noticed an acid blob
 42623 | Slime:6  | Noticed an acid blob
 42625 | Slime:6  | Gained mutation: Your muscles are strong. (Str +2) [Jiyva's grace]
 42627 | Slime:6  | Found a viscous altar of Jiyva.
 42628 | Slime:6  | Noticed an acid blob
 42628 | Slime:6  | Noticed an acid blob
 42628 | Slime:6  | Noticed the Royal Jelly
 42631 | Slime:6  | Lost mutation: You are agile. (Dex +2) [Jiyva's grace]
 42635 | Slime:6  | Got a slimy rune of Zot
 42638 | Slime:6  | Gained mutation: You have a small jelly attached to you that may absorb incoming projectiles. [Jiyva's grace]
 42645 | Slime:6  | Noticed an acid blob
 42648 | Slime:6  | Noticed an acid blob
 42649 | Slime:6  | Noticed an acid blob
 42650 | Slime:6  | Lost mutation: You have a small jelly attached to you that may absorb incoming projectiles. [Jiyva's grace]
 42652 | Slime:6  | Got a coiled glass ring
 42669 | Slime:6  | Got a translucent plate armour
 42672 | Slime:6  | Identified the cursed ring "Ullum" {*Drain rElec MP+9 EV-5 Dex+6} (You found it on level 6 of the Pits of Slime)
 42673 | Slime:6  | Identified the +1 plate armour of Midsummer {Int+2 SInv Stlth+} (You found it on level 6 of the Pits of Slime)
 42674 | Slime:6  | Lost mutation: Your flesh is cold resistant. (rC+) [Jiyva's grace]
 42703 | Slime:6  | Killed an acid blob
 42716 | Slime:6  | Killed an acid blob
 42964 | Lair:3   | Lost mutation: You heal very quickly. [Jiyva's grace]
 42966 | Snake:1  | Entered Level 1 of the Snake Pit
 43102 | Snake:1  | Noticed duckroller's ghost (adept MiGl)
 43472 | Lair:3   | Lost mutation: Your system is resistant to poisons. (rPois) [Jiyva's grace]
 43619 | Snake:1  | Slain by duckroller's ghost

Vault maps used:
D:1:      lemuel_arrival_cross, nrook_mini_backslash
D:2:      tso_altar, minitemple, lemuel_coloured_pillars_altar,
          hangedman_decor_points, uniq_sigmund
D:3:      marbit_many_paths, minmay_gold_behind_fungi
D:4:      nicolae_ossuary_entry_ruins, first_bread, hangedman_decor_lopped,
          uniq_edmund, uniq_robin
D:5:      lemuel_ratsnest, regret_index_temple_of_mockery,
          minmay_temple_entry_water_ring, hangedman_decor_clover_reticule,
          uniq_pikel
D:6:      vehumet_statue
D:8:      lemuel_crystal_altar, serial_shops, shop, the_bakery, uniq_maurice
D:9:      dpeg_lair_monsters, basic_altar
D:10:     serial_shops, kennysheep_mini_moat, serial_ice, serial_ice_i,
          serial_ice_b, serial_ice_m, serial_ice_c, serial_ice_h, serial_ice_f,
          uniq_erica
D:11:     hiddenorc2_lemuel, serial_shops, shop_fountains, led_sif_book
D:13:     david_vaults_1, st_stairs_6, hangedman_corner_corridor
D:14:     old_standard_altar
D:15:     gammafunk_enter_depths_forms, dk_noncrumbling_3, hangedman_decor_push,
          uniq_rupert
Temple:   circular_temple_12
Lair:1:   grunt_megastairs_5
Lair:2:   grunt_megastairs_2, lemuel_fruit_tree, lemuel_fruit_fields
Lair:3:   elwin_shoals_entry_rocks, guppyfry_snake_entry_island, ice2_lemuel,
          serial_bayou_shore_b, grunt_megastairs_1
Lair:4:   infiniplex_staircase_pool, serial_bayou_shore_b, grunt_megastairs_4
Lair:5:   beast_lair_carwin_11, uniq_snorg, uniq_kirke
Lair:7:   portal_ice_cave_rime, infiniplex_staircase_pool_2
Lair:8:   wormcave, slime_dummy, serial_bayou_shore_b
Slime:1:  basic_altar
Slime:2:  basic_altar, cheibrodos_slime_lost_civilization_7
Orc:2:    kennysheep_orc_mage_school
Ossuary:  ossuary_due_small_catacomb
IceCv:    ice_cave_small_demon

Skill      XL: |  1  2  3  4  5  6  7  8  9 10 11 12 13 14 15 |
---------------+----------------------------------------------+-----
Shields        | 4 5 6 8 9 10 11 | 11.6
Armour         | 4 5 6 7 9 10 11 12 13 14 | 14.0
Fighting       | 4 5 6 8 9 10 11 12 13 14 16 | 16.2
Maces & Flails | 3 4 5 6 7 8 10 11 12 14 | 14.5
Invocations    | 3 5 6 8 |  8.1
Dodging        | 5 7 9 11 | 11.6
Throwing       | 1 5 7 9 |  9.9
Evocations     | 4 5 |  5.3

Action                   |  1- 3 |  4- 6 |  7- 9 | 10-12 | 13-15 | 16-18 || total
-------------------------+-------+-------+-------+-------+-------+-------++-------
Melee: Flail             |    34 |       |   148 |       |       |       ||   182
       Headbutt          |    12 |    18 |   133 |   332 |   674 |    45 ||  1214
       Whip              |    53 |   101 |   425 |  1288 |  1365 |       ||  3232
       Unarmed           |       |       |     3 |       |       |       ||     3
       Morningstar       |       |       |       |       |   936 |   151 ||  1087
       Bite              |       |       |       |       |       |     5 ||     5
Throw: Tomahawk          |       |       |       |    34 |    10 |       ||    44
       Javelin           |       |       |       |       |    23 |       ||    23
Invok: Cleansing Flame   |       |       |       |       |     3 |       ||     3
       Summon Divine War |       |       |       |       |     2 |       ||     2
       Divine Shield     |       |       |       |       |     1 |       ||     1
       Brand Weapon With |       |       |       |       |     1 |       ||     1
       Request Jelly     |       |       |       |       |       |     7 ||     7
       Cure Bad Mutation |       |       |       |       |       |     4 ||     4
       Jelly Paralyse    |       |       |       |       |       |     3 ||     3
  Use: Scroll            |     6 |     3 |     3 |    12 |     7 |     3 ||    34
       Potion            |       |       |       |       |     2 |     3 ||     5
  Eat: Chunk             |       |     3 |    12 |    46 |    69 |     4 ||   134
       Bread ration      |       |       |     1 |       |     1 |     1 ||     3
       Fruit             |       |       |       |       |     8 |     1 ||     9
       Royal jelly       |       |       |       |       |     1 |       ||     1
       Pizza             |       |       |       |       |       |     1 ||     1
Armor: Scale mail        |    32 |    37 |   145 |   261 |       |       ||   475
       Plate armour      |       |       |       |    19 |   213 |       ||   232
       Chain mail        |       |       |       |       |    52 |       ||    52
       Fire dragon armou |       |       |       |       |   261 |    28 ||   289
Dodge: Dodged            |    28 |    24 |   118 |   239 |   664 |    63 ||  1136
Block: Shield            |    47 |    43 |   261 |   524 |  1068 |    68 ||  2011
